 Dungeon Crawl Stone Soup version 0.28.0-45-g0d030f2227 (webtiles) character file.

Game seed: 15024117636116721717

396 protoss039 the Sneak (level 6, -1/28 HPs)
             Began as a Spriggan Enchanter on Apr 30, 2022.
             Slain by a killer bee (8 damage)
             ... on level 3 of the Dungeon.
             The game lasted 00:20:32 (5024 turns).

protoss039 the Sneak (Spriggan Enchanter)           Turns: 5024, Time: 00:20:32

Health: -1/28      AC:  3    Str:  4    XL:     6   Next: 52%
Magic:  11/13      EV: 19    Int: 16    God:
Gold:   136        SH:  0    Dex: 18    Spells: 2/13 levels left

rFire   + . .      SeeInvis +   u - +2 short sword (speed)
rCold   . . .      Faith    .   (no shield)
rNeg    . . .      Spirit   .   b - +0 robe
rPois   .          Reflect  .   (helmet restricted)
rElec   .          Harm     .   e - +0 cloak
rCorr   .          Rampage  .   (gloves unavailable)
Will    +....                   (boots unavailable)
Stlth   +++.......              (no amulet)
HPRegen 0.09/turn               i - ring of protection from fire
MPRegen 0.13/turn               (no ring)

@: lethally poisoned (-1 -> -9), confusing by touch, very quick
A: very small, no large weapons, unfitting armour, see invisible, speed 3
a: no special abilities


You were on level 3 of the Dungeon.
You visited 2 branches of the dungeon, and saw 5 of its levels.
You also visited: Sewer.

You collected 136 gold pieces.

Inventory:

Hand Weapons
 o - a +4 hunting sling
 u - a +2 short sword of speed (weapon)
Missiles
 p - 97 stones (quivered)
Armour
 b - a +0 robe (worn)
 e - a +0 cloak (worn)
Jewellery
 i - a ring of protection from fire (left hand)
Wands
 a - a wand of iceblast (4)
Scrolls
 f - a scroll of noise {unknown}
 g - a scroll of amnesia {unknown}
 m - a scroll of torment {unknown}
 q - a scroll of identify {unknown}
 s - a scroll of teleportation {unknown}
 t - 2 scrolls of enchant weapon {unknown}
Potions
 c - a potion of invisibility
 d - a potion of ambrosia {unknown}
 h - a potion of lignification {unknown}
 j - 4 potions of mutation {unknown}
 k - a potion of berserk rage {unknown}
 l - 2 potions of curing {unknown}
 n - a potion of degeneration {unknown}
 r - 2 potions of haste


   Skills:
 + Level 3.3 Short Blades
 + Level 4.6 Dodging
 + Level 6.4 Stealth
 + Level 4.4 Spellcasting
 + Level 5.2 Hexes


You had 2 spell levels left.
You knew the following spells:

 Your Spells              Type           Power      Damage    Failure   Level
a - Ensorcelled Hibernat  Hex/Ice        22%        N/A       9%          2
b - Confusing Touch       Hex            20%        N/A       5%          3
c - Tukima's Dance        Hex            20%        N/A       5%          3
d - Dazzling Flash        Conj/Hex       24%        N/A       16%         3

Your spell library contained the following spells:

 Spells                   Type           Power      Damage    Failure   Level
 Animate Skeleton         Necr           6%         N/A       16%         1
 Apportation              Tloc           6%         N/A       16%         1
 Sting                    Tmut/Pois      12%        1d3       16%         1
 Summon Small Mammal      Summ           12%        N/A       16%         1
 Poisonous Vapours        Pois/Air       6%         N/A       24%         2
 Sublimation of Blood     Necr           3%         N/A       24%         2
 Wereblood                Tmut           3%         N/A       24%         2
 Olgreb's Toxic Radiance  Pois           3%         N/A       85%         4
 Summon Hydra             Summ           1%         N/A       100%        7


Dungeon Overview and Level Annotations

Branches:
Dungeon (4/15)             Temple (1/1) D:4           Sewer (visited)

Altars:
Ashenzari
Fedhas
Gozag
Hepliaklqana
Kikubaaqudgha
Makhleb
Nemelex Xobeh
Okawaru
Ru
Sif Muna
Trog
Uskayaw
Vehumet
Wu Jian
Xom
Yredelemnul


Innate Abilities, Weirdness & Mutations

You are very small and have problems with some larger weapons.
You are too small for most types of armour.
You have supernaturally acute eyesight. (SInv)
You cover ground extremely quickly. (Speed+++)


Message History

Unknown command.
A killer bee comes into view.
There is a stone staircase leading up here.
Unknown command.
Unknown command.
Unknown command.
Casting: Confusing Touch (quite dangerous; 5% risk of failure)
Confirm with . or Enter, or press ? or * to list all spells.
The spell is quite dangerous to miscast (5% risk of failure)!
Continue anyway?
Your hands begin to glow red.
The killer bee buzzes angrily. x2; You hear an angry buzzing noise. x2
Unknown command.
The killer bee closely misses you. The killer bee misses you.
You climb upwards.
There is a stone staircase leading down here.
Unknown command.
You climb downwards.
The killer bee barely misses you.
The killer bee stings you but does no damage.
The killer bee misses you. The killer bee barely misses you.
The killer bee stings you.
You are poisoned.
The killer bee poisons you!
There is a stone staircase leading up here.
Unknown command.
You feel sick. The killer bee stings you.
You are more poisoned.
The killer bee poisons you! The killer bee barely misses you. x2
The killer bee closely misses you. The killer bee completely misses you.
You climb upwards.
You feel very sick.
There is a stone staircase leading down here.
You closely miss the killer bee.
You feel sick. The killer bee closely misses you. The killer bee stings you.
* * * LOW HITPOINT WARNING * * *
You closely miss the killer bee.
* * * LOW HITPOINT WARNING * * *
You feel sick. The killer bee closely misses you.
The killer bee completely misses you. The killer bee stings you!
You die...

#.# #.......#### #.#
#.###......# #.# #.#
######.# #.# #.# #.#
####.####.# #.#
#.........# #.#
#.##.###..########.##
#.##y# #............#
#.##@# ##.########..)
#.##y# #.# ##..#
#.##.# #.# #....
#.##.# #.#######...#
#.##.# #...........#
#.##.# ########.^..#
#..#.# #..........#
##.#.# #.#####.....
#.#.# #.###..[....


You could see 2 killer bees.

Vanquished Creatures
  Pargi (Sewer)
  A scorpion (D:4)
  A killer bee (D:4)
  Jessica (D:1)
  2 hound skeletons (D:4)
  Robin (D:2)
  4 gnolls
  2 adders
  A river rat (D:3)
  An adder skeleton (D:4)
  A dart slug (D:2)
  4 orcs (D:3)
  8 endoplasms
  2 giant cockroaches
  11 goblins
  2 hobgoblins
  4 kobolds
  A quokka (D:1)
  4 ball pythons
  6 bats
  A frilled lizard (D:2)
  5 rats
64 creatures vanquished.

Vanquished Creatures (others)
  4 fungi (D:3)
  9 plants (D:3)
13 creatures vanquished.

Grand Total: 77 creatures vanquished

Notes
Turn   | Place    | Note
-------+----------+-------------------------------------------
     0 | D:1      | protoss039 the Spriggan Enchanter began the quest for the
                  | Orb.
     0 | D:1      | Reached XP level 1. HP: 9/9 MP: 5/5
   755 | D:1      | Reached XP level 2. HP: 8/13 MP: 7/7
  1097 | D:1      | Learned a level 2 spell: Ensorcelled Hibernation
  1449 | D:2      | Noticed Jessica
  1473 | D:1      | Reached XP level 3. HP: 6/16 MP: 1/8
  1703 | D:1      | Reached skill level 5 in Stealth
  1724 | D:1      | Killed Jessica
  1725 | D:1      | Reached XP level 4. HP: 21/21 MP: 7/10
  2243 | D:2      | Noticed Robin
  2375 | D:2      | Found a bloodstained altar of Trog.
  2487 | D:2      | Learned a level 3 spell: Confusing Touch
  2498 | D:2      | Killed Robin
  3218 | D:2      | Learned a level 3 spell: Tukima's Dance
  3344 | D:3      | Reached XP level 5. HP: 24/24 MP: 8/11
  3435 | D:3      | Found a glowing drain.
  3460 | Sewer    | Entered a sewer
  3490 | Sewer    | Noticed Pargi
  3501 | Sewer    | Killed Pargi
  3502 | Sewer    | Reached skill level 6 in Stealth
  3591 | D:3      | Found a radiant altar of Vehumet.
  4241 | D:3      | Found a faded altar of an unknown god.
  4367 | D:4      | Learned a level 3 spell: Dazzling Flash
  4420 | D:4      | Reached XP level 6. HP: 25/28 MP: 9/13
  4498 | D:4      | Reached skill level 5 in Hexes
  4869 | D:4      | Found a staircase to the Ecumenical Temple.
  4878 | Temple   | Entered the Ecumenical Temple
  5024 | D:3      | Slain by a killer bee

Illustrated notes

Levels and vault maps discovered:
D:1:      nzn_arrival_depleted_hourglass, layout_basic
D:2:      layout_loops_ring, basic_altar, uniq_robin, uniq_jessica
D:3:      layout_loops_ring, mainiacjoe_overflow_boulevard,
          shapermc_ecumenical_altar_mp_urbaneastern, portal_sewer_entry_b
D:4:      wander_river, layout_basic, chequers_temple_overflow_minitemple,
          minmay_temple_entry_slanted, serial_rivers,
          chequers_serial_rivers_room_b, chequers_serial_rivers_micro_c,
          chequers_serial_rivers_room_a, chequers_serial_rivers_micro_a,
          uniq_sigmund
Temple:   eino_wide_crystal_templ

Skill      XL: |  1  2  3  4  5  6 |
---------------+-------------------+-----
Spellcasting   | 3 4 |  4.4
Dodging        | 3 4 |  4.6
Hexes          | 4 5 |  5.2
Stealth        | 5 6 |  6.4
Short Blades   | 2 3 |  3.3

Action                   |  1- 3 |  4- 6 || total
-------------------------+-------+-------++-------
Melee: Dagger            |    79 |    76 ||   155
       Punch             |     1 |       ||     1
       Short sword       |       |    46 ||    46
 Fire: Hunting sling     |       |     5 ||     5
 Cast: Ensorcelled Hiber |     7 |    40 ||    47
       Confusing Touch   |       |     7 ||     7
       Tukima's Dance    |       |     1 ||     1
  Use: Potion            |       |     1 ||     1
 Stab: Sleeping          |     9 |    24 ||    33
       Distracted        |     1 |     1 ||     2
       Confused          |       |     6 ||     6
Armor: Robe              |    10 |    21 ||    31
Dodge: Dodged            |    66 |   112 ||   178
